[Event "Late-Titled-Tuesday-Blitz-September-26-2023"]
[Site "Chess.com"]
[Date "2023.09.26"]
[Round "10"]
[White "Alexei_Gubajdullin"]
[Black "GoltsevDmitry2000"]
[Result "1-0"]
[WhiteElo "2732"]
[BlackElo "2619"]
[TimeControl "180+1"]
[EndTime "15:52:44 PDT"]
[Termination "Alexei_Gubajdullin won by checkmate"]

1. d4 Nf6 2. Nf3 e6 3. Bf4 b6 4. e3 Bb7 5. Be2 c5 6. O-O Be7 7. h3 O-O 8. c3 a6 9. a4 d5 10. Ne5 Nbd7 11. Nd2 Nxe5 12. Bxe5 Nd7 13. Bg3 cxd4 14.
exd4 f5 15. Re1 f4 16. Bh2 e5 17. dxe5 Nxe5 18. Nf3 Nxf3+ 19. Bxf3 a5 20. Qd2 Qd6 21. c4 Qb4 22. Bxf4 Rad8 23. Bg5 Qxd2 24. Bxd2 Bc5 25. Be3 d4 26. Bxb7 dxe3 27. fxe3 Rd2 28. b3 Rd3 29.
Kh1 Rxe3 30. Rxe3 Bxe3 31. Re1 Bc5 32. Bd5+ Kh8 33. g3 g6 34. h4 Bf2 35. Re6 Bc5 36. Kg2 Kg7 37. g4 Rf2+ 38. Kg3 Rb2 39. Rc6 Rxb3+ 40.
Kf4 Rb1 41. Rc7+ Kh8 42. Rc8+ Kg7 43. g5 Rf1+ 44. Kg3 Bd6+ 45. Kg2 Rf8 46. Rc6 Bc5 47. Rc7+ Kh8 48. Rb7 Rf2+ 49. Kg3 Rf8 50. Kg4 Be3 51. Rd7 Rf4+ 52. Kg3 Rf8 53. Rb7 Bf2+ 54. Kg4 Be3 55. h5 Rf4+ 56. Kg3 Rf8 57. h6 Bxg5 58. Rxb6 Bxh6 59. c5 Be3 60. Rb5 Rc8 61. c6 Bd2 62.
Rb7 Bb4 63. Kf4 Bd6+ 64. Kg5 Bc7 65. Kf6 h5 66. Ke6 h4 67. Kd7 Rd8+ 68. Kxc7 Rxd5 69. Kb6 Rd6 70. Kc5 Rd1 71. c7 Rc1+ 72. Kd4 h3 73. Rb8+ Kg7 74. c8=Q Rxc8 75. Rxc8 g5 76. Ke3 Kf6 77.
Kf3 Kf5 78. Kg3 g4 79. Rc5+ Ke4 80. Rxa5 Kd4 81. Rg5 Kc4 82. Rxg4+ Kc5 83. Kxh3 Kb6 84. Kg3 Ka5 85. Kf3 Kb6 86. Ke3 Ka5 87. Kd3 Kb6 88.
Kc3 Ka5 89. Kb3 Kb6 90. Kb4 Kc6 91. a5 Kd5 92. a6 Kc6 93. Rg6+ Kc7 94. Ka5 Kb8 95.
Rg8+ Ka7 96. Rg7+ Kb8 97. Kb6 Ka8 98. Rg8# 1-0

[Event "Late-Titled-Tuesday-Blitz-September-26-2023"]
[Site "Chess.com"]
[Date "2023.09.26"]
[Round "10"]
[White "WPWPWP-2015"]
[Black "micke12a"]
[Result "1-0"]
[WhiteElo "2504"]
[BlackElo "2350"]
[TimeControl "180+1"]
[EndTime "15:53:06 PDT"]
[Termination "WPWPWP-2015 won by resignation"]

1. e4 c5 2. Nf3 d6 3. d4 cxd4 4.
Nxd4 Nf6 5. Nc3 g6 6. h3 Bg7 7. Be2 O-O 8. O-O Nc6 9. Be3 Nxd4 10. Bxd4 Be6 11. f4 Qa5 12. Kh2 Rac8 13. Rf2 a6 14.
Bf3 b5 15. a3 Rc4 16. e5 dxe5 17. Bxe5 Nd7 18. Bxg7 Kxg7 19. Be2 Rxc3 20. Qd4+ f6 21. Qxc3 Qxc3 22. bxc3 Rc8 23. a4 Rxc3 24. axb5 axb5 25.
Bxb5 Nc5 26. Re1 Kf7 27. Ree2 Bc4 28. Bxc4+ Rxc4 29. Rf3 Ne4 30. Rfe3 f5 31. Ra3 h5 32. g3 h4 33. gxh4 Nf6 34. Rf3 Nd5 35. Kg3 Nc3 36.
Re1 Ne4+ 37. Kg2 Rxc2+ 38. Kg1 Rc8 39. Rd1 Rh8 40. Kf1 Rxh4 41. Ke2 Rh8 42. Rc1 Ra8 43. Rb3 Ra2+ 44. Ke3 Rh2 45. Kd4 Nd2 46. Rd3 Ne4 47.
Re3 Rf2 48. Ke5 Nf6 49. Rc7 Nh5 50.
Rc4 Ra2 51. Kd5 Ra5+ 52. Kc6 Nf6 53. Re5 Ra3 54. h4 Rh3 55. Ra4 Rxh4 56. Kc7 g5 57.
Kd8 Rxf4 58. Rxe7+ Kg6 59. Ra6 Rd4+ 60. Kc7 Rc4+ 61.
Kb7 Rb4+ 62. Ka7 g4 63. Ree6 Kg5 64. Rxf6 g3 65. Rg6+ Kf4 66. Ra3 Re4 67. Raxg3 Re7+ 68. Kb8 Re8+ 69. Kc7 Re7+ 70. Kd8 Re3 71. Rg2 Rd3+ 72.
Ke7 Ra3 73. R6g5 Ra7+ 74. Ke6 Ra6+ 75. Kd5 Ra5+ 76. Kc4 Ra4+ 77. Kb3 Ra8 78. Kc3 Kf3 79. R5g3+ Kf4 80. Rg7 Rc8+ 81. Kd3 Rd8+ 82. Ke2 Re8+ 83. Kf1 Ra8 84. Rf2+ Ke4 85. Re7+ Kd3 86. Rxf5 Ra1+ 87. Kf2 Ra2+ 88. Kf3 Ra1 89. Rd5+ Kc4 90. Rd8 Rf1+ 91.
Kg2 Rf6 92. Rc7+ Kb5 93. Rb8+ Ka6 94. Rc1 Rg6+ 95. Kf3 Ka7 96. Rb2 Rf6+ 97. Ke4 Re6+ 98. Kd5 Ra6 99. Rcb1 Ra5+ 100. Kc6 Ra3 101. Rb7+ Ka8 102. Rb8+ Ka7 103. R1b7+ 1-0

[Event "Late-Titled-Tuesday-Blitz-September-26-2023"]
[Site "Chess.com"]
[Date "2023.09.26"]
[Round "11"]
[White "micke12a"]
[Black "UK_23"]
[Result "0-1"]
[WhiteElo "2344"]
[BlackElo "2459"]
[TimeControl "180+1"]
[EndTime "15:54:56 PDT"]
[Termination "UK_23 won by resignation"]

1. e4 e5 2. Nf3 Nc6 3. Bb5 a6 4. Ba4 Nf6 5. O-O b5 6. Bb3 Be7 7. d4 d6 8. Re1 Nxd4 9. Nxd4 exd4 10. Qxd4 c5 11. Bxf7+ Kxf7 12. Qe3 Re8 13. a4 Bb7 14. e5 dxe5 15. axb5 axb5 16. Rxa8 Bxa8 17. f3 Qd4 0-1

[Event "Late-Titled-Tuesday-Blitz-September-26-2023"]
[Site "Chess.com"]
[Date "2023.09.26"]
[Round "11"]
[White "YouShallNotPass001"]
[Black "filipluczak05"]
[Result "1-0"]
[WhiteElo "2384"]
[BlackElo "2592"]
[TimeControl "180+1"]
[EndTime "15:56:09 PDT"]
[Termination "YouShallNotPass001 won by resignation"]

1. Nf3 g6 2. e3 Bg7 3. Be2 d6 4. O-O Nc6 5. d4 e5 6. c4 f5 7.
b4 Nf6 8. b5 Ne7 9. Nc3 e4 10.
Nd2 O-O 11. a4 c5 12. bxc6 bxc6 13. Ba3 Qd7 14. Rb1 Rd8 15. Qb3 Kh8 16. f3 d5 17.
cxd5 Nexd5 18. Nxd5 cxd5 19. fxe4 dxe4 20. Bb5 Qe6 21. Bc4 Nd5 22. Rfc1 Bb7 23. Qxb7 1-0

[Event "Late-Titled-Tuesday-Blitz-September-26-2023"]
[Site "Chess.com"]
[Date "2023.09.26"]
[Round "11"]
[White "ValeriyGrinev"]
[Black "Nor1lsk"]
[Result "0-1"]
[WhiteElo "2597"]
[BlackElo "2768"]
[TimeControl "180+1"]
[EndTime "15:56:25 PDT"]
[Termination "Nor1lsk won by resignation"]

1. d4 g6 2. c4 Bg7 3. e4 c6 4. Nc3 d5 5. cxd5 cxd5 6. exd5 Nf6 7. Qb3 O-O 8. Be2 Nbd7 9. Bf3 Nb6 10. Nge2 e6 11.
dxe6 Bxe6 12. Qd1 Nfd5 13. O-O Rc8 14. Re1 Re8 15. h3 Qd7 16. Bg5 h6 17. Bh4 f5 18.
Bg3 Bf7 19. Be5 Bxe5 20. dxe5 Rxe5 21. Qd2 Nxc3 22. Qxd7 Nxe2+ 23. Rxe2 Nxd7 24. Rd2 Nc5 0-1

[Event "Late-Titled-Tuesday-Blitz-September-26-2023"]
[Site "Chess.com"]
[Date "2023.09.26"]
[Round "11"]
[White "Javylavilla"]
[Black "Cmorales2001"]
[Result "1-0"]
[WhiteElo "2352"]
[BlackElo "2415"]
[TimeControl "180+1"]
[EndTime "15:56:38 PDT"]
[Termination "Javylavilla won by resignation"]

1. e4 c6 2. c4 d5 3. cxd5 cxd5 4. exd5 Nf6 5. Qa4+ Nbd7 6. Nc3 g6 7. Nf3 Bg7 8. Bc4 O-O 9. O-O Nb6 10. Qb3 Nxc4 11. Qxc4 b6 12. Ne5 Bb7 13. Nc6 Qd7 14. Re1 Rfe8 15. d4 Rac8 16. Bg5 Nxd5 17. Nxd5 Rxc6 18. Nxe7+ Rxe7 19. Rxe7 Qg4 20. Qxf7+ 1-0

[Event "Late-Titled-Tuesday-Blitz-September-26-2023"]
[Site "Chess.com"]
[Date "2023.09.26"]
[Round "11"]
[White "The_Straightforward_Rook"]
[Black "ferdipy"]
[Result "1-0"]
[WhiteElo "2543"]
[BlackElo "2361"]
[TimeControl "180+1"]
[EndTime "15:56:45 PDT"]
[Termination "The_Straightforward_Rook won by resignation"]

1. d4 e5 2. dxe5 d6 3. Nf3 Nc6 4. Bf4 Bg4 5. exd6 Qf6 6. e3 O-O-O 7. Nbd2 Bxd6 8. Bg5 Qxb2 9. Bxd8 Nxd8 10. Be2 Nf6 11. O-O Ne6 12. Rb1 Qxa2 13. Ra1 Qb2 14. Nc4 Qc3 15.
Nxd6+ cxd6 16. Rxa7 Kb8 17. Qa1 Nc7 18. Qxc3 1-0

[Event "Late-Titled-Tuesday-Blitz-September-26-2023"]
[Site "Chess.com"]
[Date "2023.09.26"]
[Round "11"]
[White "Zampronha1971"]
[Black "Slovak_fighter2000"]
[Result "1-0"]
[WhiteElo "2310"]
[BlackElo "2449"]
[TimeControl "180+1"]
[EndTime "15:57:04 PDT"]
[Termination "Zampronha1971 won by checkmate"]

1. e4 c5 2. Nf3 Nc6 3. d4 cxd4 4. Nxd4 g6 5. Nc3 Bg7 6. Be3 Nf6 7. Bc4 Qa5 8. O-O d6 9. Bb3 O-O 10. h3 Bd7 11. f4 Nxd4 12. Bxd4 Bc6 13. Qd3 Nd7 14. Bxg7 Kxg7 15. Rae1 Qc5+ 16. Kh1 b5 17. Bd5 b4 18. Bxc6 Qxc6 19. Qd4+ Kg8 20. Qxb4 a5 21. Qd4 Rab8 22. Re2 Rb4 23. Nd5 Qb7 24. Nxe7# 1-0

[Event "Late-Titled-Tuesday-Blitz-September-26-2023"]
[Site "Chess.com"]
[Date "2023.09.26"]
[Round "11"]
[White "ejalmedina"]
[Black "AsaHoffmann"]
[Result "1-0"]
[WhiteElo "2345"]
[BlackElo "2392"]
[TimeControl "180+1"]
[EndTime "15:57:07 PDT"]
[Termination "ejalmedina won by resignation"]

1. d4 Nf6 2. c4 c5 3. d5 e5 4. Nc3 d6 5. e4 Be7 6. Bd3 Nbd7 7. Be3 Nf8 8. f3 Ng6 9. Nge2 Nh5 10.
Qd2 h6 11. g3 Bg5 12. f4 exf4 13. gxf4 Bh4+ 14. Kd1 a6 15. a4 b6 16. Kc2 Bd7 17. Rhg1 Bf6 18. e5 dxe5 19. Rxg6 fxg6 20. Bxg6+ Kf8 21.
Bxh5 Bf5+ 22. Kb3 Qd6 23. Ng3 Bh7 24. Nge4 Qe7 25. Rf1 b5 26. Bxc5 bxc4+ 27. Ka2 1-0

[Event "Late-Titled-Tuesday-Blitz-September-26-2023"]
[Site "Chess.com"]
[Date "2023.09.26"]
[Round "11"]
[White "KamlaPasand"]
[Black "fyall777"]
[Result "1/2-1/2"]
[WhiteElo "2454"]
[BlackElo "2587"]
[TimeControl "180+1"]
[EndTime "15:57:16 PDT"]
[Termination "Game drawn by repetition"]

1. e4 e5 2. Nf3 Nc6 3. Bc4 Be7 4. O-O Nf6 5. d3 O-O 6. a3 d6 7. Nc3 Be6 8. Be3 d5 9. exd5 Nxd5 10. Nxd5 Bxd5 11.
Bxd5 Qxd5 12. Re1 Rad8 13. Qe2 Rfe8 14. Nd2 f5 15. Qf3 f4 16. Ne4 fxe3 17. Rxe3 Bc5 18. Qg4 Kh8 19. Rh3 Be7 20. Qg6 h6 21. Rxh6+ gxh6 22. Qxh6+ Kg8 23. Qg6+ Kf8 24. Qh6+ Kf7 25. Qh7+ Kf8 26. Qh6+ Kg8 27. Qg6+ Kf8 28. Qh6+ 1/2-1/2

[Event "Late-Titled-Tuesday-Blitz-September-26-2023"]
[Site "Chess.com"]
[Date "2023.09.26"]
[Round "11"]
[White "PapaieDudu"]
[Black "YellowJacek"]
[Result "1-0"]
[WhiteElo "2406"]
[BlackElo "2320"]
[TimeControl "180+1"]
[EndTime "15:57:16 PDT"]
[Termination "PapaieDudu won by resignation"]

1. e4 e5 2. Nf3 Nf6 3. Nc3 Bb4 4. Bc4 d6 5. d3 O-O 6. a3 Ba5 7. Bg5 h6 8. Bh4 Be6 9. b4 Bb6 10. Nd5 Bxd5 11. Bxd5 c6 12. Bb3 Nbd7 13. O-O g5 14.
Nxg5 hxg5 15. Bxg5 Kg7 16. h4 Rg8 17. Qf3 Qf8 18. Qf5 Bd8 19. f4 exf4 20. Rxf4 Nh5 21. Qxf7+ Qxf7 22. Rxf7+ Kg6 23. Rxd7 Bxg5 24. Bf7+ Kf6 25.
hxg5+ Ke5 26. Bxg8 1-0

[Event "Late-Titled-Tuesday-Blitz-September-26-2023"]
[Site "Chess.com"]
[Date "2023.09.26"]
[Round "11"]
[White "chosenpr"]
[Black "ferrufino64"]
[Result "0-1"]
[WhiteElo "2267"]
[BlackElo "2212"]
[TimeControl "180+1"]
[EndTime "15:57:24 PDT"]
[Termination "ferrufino64 won by resignation"]

1. e4 c5 2. Nf3 d6 3. d4 cxd4 4.
Qxd4 Nf6 5. Be2 Nc6 6. Qe3 e6 7. c4 Be7 8. Nc3 O-O 9. O-O Bd7 10. h3 Qa5 11. b3 Qc5 12. Qd2 Rfd8 13. Bb2 Ne5 14. Nd4 Bc6 15. f4 Ng6 16. Qe3 e5 17.
fxe5 dxe5 18. Nf5 Qxe3+ 19. Nxe3 Nxe4 20. Nxe4 Bxe4 21. Rad1 Bc5 22. Bc1 Nf4 23. Bf3 Bxf3 24. Rxd8+ Rxd8 25. Rxf3 Rd1+ 26. Rf1 Rxc1 0-1

[Event "Late-Titled-Tuesday-Blitz-September-26-2023"]
[Site "Chess.com"]
[Date "2023.09.26"]
[Round "11"]
[White "Smiechu"]
[Black "Balla_Tamas"]
[Result "0-1"]
[WhiteElo "2530"]
[BlackElo "2453"]
[TimeControl "180+1"]
[EndTime "15:57:37 PDT"]
[Termination "Balla_Tamas won by resignation"]

1. e4 c5 2. Nf3 Nc6 3. d4 cxd4 4. Nxd4 e5 5. Nxc6 bxc6 6. c4 Nf6 7. Nc3 Bb4 8. Bd3 h6 9. O-O O-O 10. a3 Bxc3 11.
bxc3 d6 12. Be3 Be6 13. Rb1 Qa5 14. Qc2 Rfb8 15. Rb4 Qxa3 16. Rfb1 Rxb4 17. cxb4 Nd7 18. Bc1 Qa6 19. c5 Qb7 20. cxd6 Rd8 21. b5 cxb5 22.
Rxb5 Nb6 23. Qc7 Qxc7 24. dxc7 Rxd3 25. h3 Rd1+ 26. Kh2 Rxc1 27. Rxe5 Rxc7 28. f4 Nc4 29. Rb5 a5 30. f5 Bd7 31. Rb8+ Kh7 32. g4 Ra7 33. h4 a4 34. h5 a3 35. g5 hxg5 0-1

[Event "Late-Titled-Tuesday-Blitz-September-26-2023"]
[Site "Chess.com"]
[Date "2023.09.26"]
[Round "11"]
[White "Djager97"]
[Black "EsmeraldasAnderson03"]
[Result "1-0"]
[WhiteElo "2589"]
[BlackElo "2440"]
[TimeControl "180+1"]
[EndTime "15:57:38 PDT"]
[Termination "Djager97 won by resignation"]

1. e4 c5 2. Nf3 d6 3. d4 cxd4 4. Nxd4 Nf6 5. Nc3 a6 6. Bg5 e6 7. Qe2 Be7 8. h4 O-O 9. O-O-O Qc7 10. g4 b5 11. a3 Nbd7 12. Bd2 Rb8 13. g5 Ne8 14. h5 Ne5 15. f4 Nc4 16. g6 b4 17.
Qxc4 bxc3 18. Bxc3 d5 19. Qxc7 Nxc7 20. gxh7+ Kxh7 21. e5 f5 22. exf6 Bxf6 23. Bd3+ Kh6 24. Rdg1 1-0

[Event "Late-Titled-Tuesday-Blitz-September-26-2023"]
[Site "Chess.com"]
[Date "2023.09.26"]
[Round "11"]
[White "Jaka_Brilej"]
[Black "jaskol95"]
[Result "0-1"]
[WhiteElo "2509"]
[BlackElo "2628"]
[TimeControl "180+1"]
[EndTime "15:57:46 PDT"]
[Termination "jaskol95 won by resignation"]

1. e4 d5 2. exd5 Nf6 3. d4 Bg4 4. Bb5+ Nbd7 5. Be2 Bxe2 6. Nxe2 Nxd5 7. c4 N5f6 8. Nbc3 e6 9. O-O Be7 10. h3 O-O 11.
Be3 c6 12. b3 Qa5 13. Qc2 Rfd8 14. Rad1 Rac8 15. Ng3 h6 16. Nge4 Nxe4 17. Nxe4 Nf6 18.
Nxf6+ Bxf6 19. Rd3 Rd7 20. Rfd1 Rcd8 21. Qd2 Qf5 22. Qb2 c5 23. R3d2 Qe4 24. Qa3 cxd4 25. Qxa7 dxe3 26. Rxd7 Rxd7 0-1

[Event "Late-Titled-Tuesday-Blitz-September-26-2023"]
[Site "Chess.com"]
[Date "2023.09.26"]
[Round "11"]
[White "GaiozNigalidze"]
[Black "nihalsarin"]
[Result "0-1"]
[WhiteElo "2733"]
[BlackElo "3066"]
[TimeControl "180+1"]
[EndTime "15:57:59 PDT"]
[Termination "nihalsarin won by resignation"]

1. d4 a6 2. e4 c6 3. Nf3 d5 4. Nc3 Bg4 5. Be2 e6 6. h3 Bh5 7. a3 Nd7 8. Bg5 Be7 9. Bxe7 Nxe7 10. O-O O-O 11. Nd2 Bg6 12. exd5 cxd5 13. Nf3 Rc8 14. Bd3 Qb6 15. Bxg6 Nxg6 16. Rb1 Qc6 17. Qd3 Nb6 18. Rfe1 Nc4 19. Ne2 Nd6 20. c3 b5 21.
Qe3 a5 22. Nc1 b4 23. axb4 axb4 24. cxb4 Nf5 25. Qe2 Qb6 26. Qd2 Rb8 27. g4 Ngh4 28. Nxh4 Nxh4 29. Qe3 Qxb4 30. Ne2 Rfc8 31. Qg3 Ng6 32. h4 h6 33. h5 Ne7 34. g5 Nf5 35. Qg4 hxg5 36. Qxg5 Nxd4 37. Nxd4 Qxd4 38. h6 Rxb2 39. Rxb2 Qxb2 40. Re5 Qc1+ 41. Qxc1 Rxc1+ 42. Re1 Rxe1+ 0-1

[Event "Late-Titled-Tuesday-Blitz-September-26-2023"]
[Site "Chess.com"]
[Date "2023.09.26"]
[Round "11"]
[White "Rital44"]
[Black "acertijo08"]
[Result "1-0"]
[WhiteElo "2520"]
[BlackElo "2401"]
[TimeControl "180+1"]
[EndTime "15:58:24 PDT"]
[Termination "Rital44 won by checkmate"]

1. d4 Nf6 2. Bg5 e6 3. Nd2 d5 4. c3 Be7 5. e3 c5 6. Bd3 Nc6 7. f4 cxd4 8. exd4 Nd7 9. Bxe7 Qxe7 10. Ngf3 O-O 11. O-O Nf6 12. Qe2 Bd7 13. Ne5 a5 14. a4 g6 15. Rae1 Nb8 16. g4 Bxa4 17.
g5 Nfd7 18. Ng4 Nc6 19. Nh6+ Kg7 20. Rf3 Nd8 21. Rh3 f5 22. gxf6+ Nxf6 23. Qe5 Nc6 24. Qg5 Rae8 25. Nf5+ exf5 26. Rxe7+ Rxe7 27. Nf3 Rfe8 28. Ne5 Nxe5 29. fxe5 Ne4 30. Qh6+ Kg8 31. Bxe4 dxe4 32. Rg3 Re6 33. h4 Bd1 34. h5 Bg4 35. hxg6 hxg6 36. Kf2 R8e7 37. Qg5 b5 38. Rg1 b4 39. Rh1 bxc3 40.
bxc3 Rb7 41. Qd8+ Kf7 42. Rh7# 1-0

[Event "Late-Titled-Tuesday-Blitz-September-26-2023"]
[Site "Chess.com"]
[Date "2023.09.26"]
[Round "11"]
[White "topin8"]
[Black "gordonzyxu"]
[Result "1-0"]
[WhiteElo "2420"]
[BlackElo "2218"]
[TimeControl "180+1"]
[EndTime "15:58:37 PDT"]
[Termination "topin8 won by resignation"]

1. e4 e5 2. Nf3 Nf6 3. d4 Nxe4 4. Bd3 Nc6 5. d5 Nf6 6. dxc6 e4 7. Bxe4 Nxe4 8.
cxd7+ Bxd7 9. Qe2 Qe7 10. O-O Nd6 11. Qxe7+ Bxe7 12. Re1 f6 13. Nc3 c6 14. Bf4 Kf7 15. Rad1 Rhe8 16. Bxd6 Bxd6 17. Rxd6 Bg4 18. Rxe8 Rxe8 19.
Kf1 Bf5 20. Rd2 b5 21. a3 a5 22. Nd4 Bd7 23. Ndxb5 Be6 24. Nd6+ 1-0

[Event "Late-Titled-Tuesday-Blitz-September-26-2023"]
[Site "Chess.com"]
[Date "2023.09.26"]
[Round "11"]
[White "dorpato"]
[Black "aranibos"]
[Result "0-1"]
[WhiteElo "2040"]
[BlackElo "2289"]
[TimeControl "180+1"]
[EndTime "15:58:37 PDT"]
[Termination "aranibos won by resignation"]

1. e4 c6 2. d4 d5 3. e5 c5 4. c3 Bf5 5. Nf3 e6 6. Be2 Nc6 7. O-O cxd4 8. Nxd4 Nge7 9. Qa4 Qd7 10. Bb5 Rc8 11. Bg5 a6 12. Bxc6 Nxc6 13. Nxf5 exf5 14. Nd2 Bc5 15. Nf3 O-O 16. Qc2 h6 17. Bh4 Qe6 18. Rae1 b5 19. Bg3 d4 20. cxd4 Nxd4 21. Nxd4 Bxd4 22. Qd2 Rfd8 23. Qf4 g5 24. Qf3 f4 25. Qxf4 gxf4 0-1

[Event "Late-Titled-Tuesday-Blitz-September-26-2023"]
[Site "Chess.com"]
[Date "2023.09.26"]
[Round "11"]
[White "Mesa_1"]
[Black "Lady_Nika"]
[Result "1-0"]
[WhiteElo "2640"]
[BlackElo "2536"]
[TimeControl "180+1"]
[EndTime "15:58:39 PDT"]
[Termination "Mesa_1 won by resignation"]

1. e4 e6 2. d4 d5 3. Nd2 Nf6 4.
e5 Nfd7 5. Bd3 c5 6. c3 Nc6 7.
Ngf3 a6 8. O-O b5 9. Re1 Qb6 10. Nf1 Be7 11. Be3 c4 12. Bc2 a5 13. h4 h6 14. h5 Bb7 15. N3h2 Kd8 16. Qg4 Bf8 17.
Qf4 f6 18. exf6 gxf6 19. Ng3 Qc7 20. Qf3 f5 21. Bf4 Bd6 22. Ne2 e5 23. dxe5 Ncxe5 24. Qh3 Nd3 25. Bxd3 cxd3 26. Bxd6 Qxd6 27. Nd4 Rg8 28.
Qxd3 Nc5 29. Qxf5 Bc8 30. Qf3 Bd7 31. Rad1 Kc7 32. Nf5 Qc6 33. Ne7 1-0

[Event "Late-Titled-Tuesday-Blitz-September-26-2023"]
[Site "Chess.com"]
[Date "2023.09.26"]
[Round "11"]
[White "agustinv04"]
[Black "K_alena13"]
[Result "0-1"]
[WhiteElo "2312"]
[BlackElo "2146"]
[TimeControl "180+1"]
[EndTime "15:58:42 PDT"]
[Termination "K_alena13 won by checkmate"]

1. e4 e5 2. Nf3 Nc6 3. Bc4 Nf6 4. Ng5 d5 5. exd5 Na5 6. Bb5+ c6 7. dxc6 bxc6 8. Bd3 Nd5 9. Nf3 Bd6 10. O-O O-O 11. Re1 Qc7 12. Bf1 Bg4 13. d3 f5 14. h3 Bh5 15. Nbd2 Rae8 16. Be2 Nf4 17. Nf1 Nxe2+ 18. Qxe2 e4 19. Qd2 exf3 20. Rxe8 Rxe8 21. gxf3 Bxf3 22. b4 Re2 23. Qg5 Re1 24. bxa5 Bh2# 0-1

[Event "Late-Titled-Tuesday-Blitz-September-26-2023"]
[Site "Chess.com"]
[Date "2023.09.26"]
[Round "11"]
[White "Lion_DL"]
[Black "KorolDimitriy75"]
[Result "1-0"]
[WhiteElo "2483"]
[BlackElo "2362"]
[TimeControl "180+1"]
[EndTime "15:58:48 PDT"]
[Termination "Lion_DL won on time"]

1. d4 Nf6 2. c4 c5 3. d5 b5 4.
cxb5 a6 5. e3 axb5 6. Bxb5 Qa5+ 7. Nc3 Bb7 8. Bc4 e6 9. dxe6 Bxg2 10. exf7+ Kd8 11. f3 Nc6 12. Kf2 Bxh1 13. Nge2 Bxf3 14. Kxf3 Ne5+ 15. Kg2 Nxc4 16. Qd3 Qa6 17. Nf4 g5 18.
Nfd5 Nxd5 19. Nxd5 Nb6 20. Qc3 Qe2+ 21. Kg1 Nxd5 22.
Qxh8 Kc7 23. Qe5+ Bd6 24. Qxd5 Qxh2+ 25. Kf1 Rf8 26. Bd2 1-0

[Event "Late-Titled-Tuesday-Blitz-September-26-2023"]
[Site "Chess.com"]
[Date "2023.09.26"]
[Round "11"]
[White "JoseRemolar"]
[Black "JG-17"]
[Result "1-0"]
[WhiteElo "2432"]
[BlackElo "2511"]
[TimeControl "180+1"]
[EndTime "15:58:52 PDT"]
[Termination "JoseRemolar won by resignation"]

1. e4 c5 2. Nf3 d6 3. d4 cxd4 4. Nxd4 Nf6 5. Nc3 g6 6. Be3 Nc6 7. Bc4 h5 8. h3 Bg7 9. Qd2 Bd7 10. Bb3 h4 11. O-O-O Rc8 12. f4 Rh5 13. f5 Nxd4 14.
Bxd4 gxf5 15. exf5 Bxf5 16. Qe2 Rh6 17. Rhf1 Qd7 18.
Ba4 Qxa4 19. Nxa4 Rxc2+ 20. Qxc2 Bxc2 21. Kxc2 Rh5 22. Nc3 b5 23. a3 a5 24. Rde1 b4 25. axb4 axb4 26. Bxf6 Bxf6 27. Rxf6 bxc3 28. bxc3 Rg5 29.
Rxd6 Rxg2+ 30. Rd2 Rg3 31. Rd3 Rg2+ 32. Kb3 f6 33. c4 e5 34. c5 Ke7 35. c6 Rg8 36. c7 Rc8 37. Rc1 e4 38. Rd8 Rxd8 39. cxd8=Q+ Kxd8 40. Kc3 Ke7 41. Kd4 f5 42. Ke5 1-0

[Event "Late-Titled-Tuesday-Blitz-September-26-2023"]
[Site "Chess.com"]
[Date "2023.09.26"]
[Round "11"]
[White "Shuvalov"]
[Black "emeli_chess"]
[Result "1-0"]
[WhiteElo "2469"]
[BlackElo "2361"]
[TimeControl "180+1"]
[EndTime "15:58:58 PDT"]
[Termination "Shuvalov won by resignation"]

1. d4 Nf6 2. c4 e6 3. Nc3 Bb4 4. e3 O-O 5. a3 Bxc3+ 6. bxc3 d5 7. cxd5 Nxd5 8. c4 Ne7 9. Nf3 b6 10. Be2 Nbc6 11. O-O Ba6 12. Bb2 Na5 13. Qc2 f6 14.
Bd3 g6 15. Rfd1 Qe8 16. h4 Qf7 17. e4 Rfd8 18. e5 f5 19. Ng5 Qe8 20. Nxe6 Rd7 21. d5 Nb7 22. Qc3 h6 23. Bc2 Kh7 24. Ba4 b5 25.
cxb5 Nxd5 26. Rxd5 Rxd5 27. Nxc7 Qd7 28. e6 1-0

[Event "Late-Titled-Tuesday-Blitz-September-26-2023"]
[Site "Chess.com"]
[Date "2023.09.26"]
[Round "11"]
[White "Alexei_Gubajdullin"]
[Black "0gZPanda"]
[Result "0-1"]
[WhiteElo "2729"]
[BlackElo "3024"]
[TimeControl "180+1"]
[EndTime "15:59:07 PDT"]
[Termination "0gZPanda won on time"]

1. d4 Nf6 2. Nf3 c5 3. c3 d5 4.
Bf4 Nc6 5. e3 Bg4 6. Nbd2 e6 7.
Bb5 Qb6 8. Qa4 a6 9. Bxc6+ Qxc6 10. Qxc6+ bxc6 11. Ne5 Rc8 12. Nb3 cxd4 13. exd4 Bf5 14. f3 h6 15. Kd2 c5 16. Nxc5 Bxc5 17. dxc5 Rxc5 18. Be3 Rc8 19. b4 O-O 20. a4 Rfd8 21. Bd4 Ne8 22. b5 axb5 23. axb5 Nd6 24. Nc6 Rd7 25. Na7 Rb8 26. g4 Bg6 27. h4 f6 28.
g5 e5 29. Bf2 Nxb5 30. gxf6 gxf6 31. Rhg1 Kh7 32. Ra6 Nxa7 33. Bxa7 Rb2+ 34. Ke3 d4+ 35. cxd4 Rb3+ 36. Kf2 exd4 37. Rxf6 Bh5 38. Rd1 Rxa7 39. Rxd4 Rf7 40. Rdd6 Rxf3+ 0-1

[Event "Late-Titled-Tuesday-Blitz-September-26-2023"]
[Site "Chess.com"]
[Date "2023.09.26"]
[Round "11"]
[White "NovikovaGalina"]
[Black "dadice10"]
[Result "0-1"]
[WhiteElo "2376"]
[BlackElo "2246"]
[TimeControl "180+1"]
[EndTime "15:59:07 PDT"]
[Termination "dadice10 won by resignation"]

1. d4 d5 2. Nc3 Nf6 3. Bf4 c5 4. e4 cxd4 5. Qxd4 Nc6 6. Bb5 Bd7 7. Bxc6 Bxc6 8. exd5 Nxd5 9. O-O-O e6 10. Nf3 Qb6 11. Nxd5 Bxd5 12. Qe5 Bxf3 13. gxf3 Rc8 14. Rhe1 Qxf2 15.
Qb5+ Rc6 16. Re2 Qxf3 17. Qe5 f6 18. Qb8+ Kf7 19. Qxb7+ Kg6 20. Rg1+ Kf5 21. Bd2 Rxc2+ 22. Kxc2 Qxb7 23. Rf2+ Ke4 24. Bc3 e5 25. Re1+ Kd5 26. Rd2+ Ke6 27. Red1 Bc5 28. Rd5 Qxd5 0-1

[Event "Late-Titled-Tuesday-Blitz-September-26-2023"]
[Site "Chess.com"]
[Date "2023.09.26"]
[Round "11"]
[White "TheMagician"]
[Black "egnfanclub"]
[Result "1/2-1/2"]
[WhiteElo "2275"]
[BlackElo "2401"]
[TimeControl "180+1"]
[EndTime "15:59:12 PDT"]
[Termination "Game drawn by agreement"]

1. a3 c5 2. b4 cxb4 3. axb4 e5 4. Bb2 Bxb4 5. Bxe5 Nf6 6. Nf3 Nc6 7. Bb2 O-O 8.
c4 d5 9. cxd5 Nxd5 10. e3 Re8 11.
Be2 Rxe3 12. fxe3 Nxe3 13. Qb3 Nxg2+ 14. Kf2 Be6 15. Bc4 Nf4 16. Bxe6 Nd3+ 17. Kf1 fxe6 18.
Rg1 Nxb2 19. Qxb2 Qd3+ 20. Kg2 Qe2+ 21. Kh1 Qxf3+ 22. Rg2 1/2-1/2

[Event "Late-Titled-Tuesday-Blitz-September-26-2023"]
[Site "Chess.com"]
[Date "2023.09.26"]
[Round "11"]
[White "Agibileg"]
[Black "Alphafischer2019"]
[Result "1-0"]
[WhiteElo "2695"]
[BlackElo "2592"]
[TimeControl "180+1"]
[EndTime "15:59:18 PDT"]
[Termination "Agibileg won by checkmate"]

1. d4 Nf6 2. c4 c5 3. d5 e5 4. Nc3 d6 5. e4 g6 6. Nf3 Bg7 7. Be2 O-O 8. O-O Nh5 9. Re1 Nf4 10. Bf1 h6 11. a3 Nd7 12. b4 b6 13. g3 Nh5 14. Rb1 Nhf6 15. Bg2 Ne8 16. Nh4 Ba6 17. Nb5 Qe7 18. f4 Bxb5 19. cxb5 Nc7 20. Kh1 exf4 21.
Bxf4 Nxb5 22. bxc5 Nc3 23. Bxd6 Qd8 24. Qc2 Nxb1 25.
Qxb1 Nxc5 26. Bxf8 Qxf8 27. e5 Re8 28. e6 Kh7 29.
Rf1 f5 30. Nxf5 gxf5 31. Rxf5 Qxf5 32. Qxf5+ Kh8 33. Qg6 Re7 34. Be4 Kg8 35. d6 Rxe6 36. Bd5 Kf8 37. Bxe6 Be5 38. Qf7# 1-0